 Dungeon Crawl Stone Soup version 0.31-a0-200-gbc41564c69 (webtiles) character file.

Game seed: 6403304929538801085

504 qw the Skirmisher (level 6, 0/36 HPs)
             Began as a Deep Elf Hunter on June 25, 2023.
             Was an Initiate of Okawaru.
             Slain by an orc warrior
             ... wielding a +0 mace
              (5 damage)
             ... on level 4 of the Dungeon.
             The game lasted 00:01:09 (3838 turns).

qw the Skirmisher (Deep Elf Hunter)                 Turns: 3838, Time: 00:01:10

Health: 0/36       AC: 13    Str: 10    XL:     6   Next: 96%
Magic:  8/8        EV: 11    Int: 14    God:    Okawaru [......]
Gold:   123        SH:  5    Dex: 18    Spells: 5/5 levels left

rFire   . . .        Y - +0 shortbow (drain)
rCold   + . .        (shield currently unavailable)
rNeg    . . .        f - +0 ring mail
rPois   .            m - +2 helmet
rElec   .            (no cloak)
rCorr   .            e - +2 pair of gloves
SInv    +            n - +0 pair of boots
Will    .....        h - amulet of reflection
Stlth   +            o - ring of protection from cold
HPRegen 0.26/turn    (no ring)
MPRegen 0.11/turn

%: reflection
@: no status effects
A: hooves 1, see invisible
a: Renounce Religion


You were on level 4 of the Dungeon.
You worshipped Okawaru.
Okawaru was noncommittal.
You visited 2 branches of the dungeon, and saw 6 of its levels.

You collected 123 gold pieces.


Innate Abilities, Weirdness & Mutations

You have large cloven feet.
You have supernaturally acute eyesight. (SInv)


   Skills:
 - Level 2.4 Fighting
 + Level 9.0 Ranged Weapons
 - Level 3.2 Armour
 - Level 2.4 Dodging
 - Level 1.2 Stealth


You had 5 spell levels left.
You didn't know any spells.
Your spell library was empty.

Inventory:

Hand Weapons
 Y - a +0 shortbow of draining (weapon)
Armour
 e - a +2 pair of gloves (worn)
 f - a +0 ring mail (worn)
 m - a +2 helmet (worn)
 n - a +0 pair of boots (worn)
Jewellery
 h - an amulet of reflection (around neck)
 o - a ring of protection from cold (left hand)
Scrolls
 i - a scroll of identify
Potions
 a - a potion of heal wounds {unknown}
 b - a potion of haste {unknown}
 c - a potion of curing
 d - a potion of mutation
 g - a potion of cancellation {unknown}
 j - a potion of lignification {unknown}
 k - a potion of berserk rage {unknown}
 l - a potion of enlightenment {unknown}

Dungeon Overview and Level Annotations

Branches:
Dungeon (5/15)             Temple (1/1) D:4

Altars:
Dithmenos
Elyvilon
Fedhas
Gozag
Kikubaaqudgha
Makhleb
Okawaru
Qazlal
Sif Muna
Xom
Zin


Message History

The adder barely misses you.
The orc warrior hits you with a +0 mace!
The adder misses you. You block the orc warrior's attack.
You shoot an arrow.
The arrow barely misses the orc warrior.
The adder bites you but does no damage.
The orc warrior hits you with a +0 mace.
You shoot an arrow.
The arrow hits the orc warrior but does no damage.
The orc warrior is lightly wounded.
The adder bites you but does no damage. You block the orc warrior's attack.
You shoot an arrow.
The arrow barely misses the orc warrior.
The adder bites you. The orc warrior closely misses you.
The adder bites you but does no damage.
You shoot an arrow.
The arrow hits the orc warrior but does no damage.
The orc warrior is lightly wounded.
The adder misses you. You block the orc warrior's attack.
You shoot an arrow. The arrow hits the orc warrior.
The orc warrior is lightly wounded.
The adder barely misses you.
The orc warrior hits you with a +0 mace.
You shoot an arrow.
The arrow closely misses the orc warrior.
The adder bites you but does no damage.
The orc warrior hits you but does no damage.
The adder bites you but does no damage.
You shoot an arrow.
The arrow closely misses the orc warrior.
The adder barely misses you.
The orc warrior hits you but does no damage.
You shoot an arrow.
The arrow closely misses the orc warrior.
The adder bites you but does no damage. The orc warrior completely misses you.
You shoot an arrow.
The arrow closely misses the orc warrior.
The adder bites you but does no damage.
The orc warrior hits you with a +0 mace.
You die...

########## ####
.........# #..#
.......)#############.##
.......#############..#
##(...######...#####>##
###########.....##..#
#######......)..##
#######....S.....##
############....@.....#
..#..............o..###
..#.##.####.####..###
..#.##.#.......#..##
....##.#.......#[.##
...###.#.......#.###
...###.^..._...^.#####
.......#.......#.....#
...###.#.......#.....#


You could see an orc warrior (drained) and an adder.

Vanquished Creatures
  Grinder (D:3)
  2 ogres (D:4)
  A sleepcap (D:4)
  Robin (D:2)
  4 adders
  2 dart slugs
  3 orcs
  5 ball pythons
  4 bats
  9 endoplasms
  3 giant cockroaches
  14 goblins
  9 hobgoblins
  4 quokkas
  4 frilled lizards
  6 kobolds
  4 rats
76 creatures vanquished.

Notes
Turn   | Place    | Note
-------+----------+-------------------------------------------
     0 | D:1      | qw the Deep Elf Hunter began the quest for the Orb.
     0 | D:1      | Reached XP level 1. HP: 12/12 MP: 3/3
     0 | D:1      | 0 ||| qw: Version: 0.3-a-22-g0ed2b0b
     0 | D:1      | 0 ||| qw: Game counter: 5669
     0 | D:1      | 0 ||| qw: Melee chars always use a shield: true
     0 | D:1      | 0 ||| qw: God list: Okawaru
     0 | D:1      | 0 ||| qw: Allow faded altars: false
     0 | D:1      | 0 ||| qw: Do Orc after clearing Dungeon:15 true
     0 | D:1      | 0 ||| qw: Do second Lair branch before Depths: true
     0 | D:1      | 0 ||| qw: Lair rune preference: random
     0 | D:1      | 0 ||| qw: Goals: Normal
     0 | D:1      | 0 ||| PLANNING D:1-11
     6 | D:1      | Noticed a lindwurm
     6 | D:1      | Noticed a wyvern
     7 | D:1      | Noticed a black mamba
     7 | D:1      | Noticed a redback
   291 | D:1      | Reached skill level 6 in Ranged Weapons
   291 | D:1      | Reached XP level 2. HP: 16/16 MP: 4/4
   837 | D:1      | 837 ||| UPGRADING to +2 pair of gloves.
   842 | D:1      | 842 ||| UPGRADING to +0 ring mail.
   852 | D:1      | 852 ||| DROPPING +0 leather armour.
   853 | D:1      | 853 ||| UPGRADING to amulet of reflection.
   858 | D:1      | 858 ||| READING scroll labelled GEDOUNK DAJIHI.
   889 | D:1      | 889 ||| DROPPING scroll of butterflies.
  1330 | D:2      | Reached XP level 3. HP: 20/20 MP: 5/5
  1420 | D:2      | Noticed Robin
  1440 | D:2      | Killed Robin
  1441 | D:2      | Reached skill level 7 in Ranged Weapons
  1446 | D:2      | HP: 4/20 [hobgoblin[Robin] (2)]
  1451 | D:2      | HP: 4/20 [constriction (1)]
  1593 | D:2      | Found a shadowy altar of Dithmenos.
  1693 | D:2      | Reached XP level 4. HP: 25/25 MP: 6/6
  1900 | D:2      | 1900 ||| UPGRADING to +2 helmet.
  1905 | D:2      | 1905 ||| UPGRADING to +0 pair of boots.
  1910 | D:2      | 1910 ||| DROPPING amulet of regeneration.
  1911 | D:2      | 1911 ||| READING scroll labelled ABIUFA NYAVEECH.
  1914 | D:2      | 1914 ||| READING scroll labelled TEUZETWAPN.
  2015 | D:2      | 2015 ||| READING 2 scrolls labelled SEHOTT DYDAEN.
  2016 | D:2      | 2016 ||| READING scroll labelled COTOHO XIQAGAS.
  2426 | D:3      | Found a glowing silver altar of Zin.
  2426 | D:3      | Noticed Grinder
  2433 | D:3      | Reached skill level 8 in Ranged Weapons
  2445 | D:3      | 2445 ||| FLEEEEING.
  2446 | D:3      | 2446 ||| FLEEEEING.
  2447 | D:3      | 2447 ||| FLEEEEING.
  2448 | D:3      | 2448 ||| FLEEEEING.
  2449 | D:3      | 2449 ||| FLEEEEING.
  2454 | D:3      | Killed Grinder
  2455 | D:3      | Reached skill level 3 in Armour
  2455 | D:3      | Reached XP level 5. HP: 11/29 MP: 7/7
  2455 | D:3      | Reached XP level 6. HP: 13/34 MP: 8/8
  2717 | D:3      | 2717 ||| READING scroll labelled GUITOA UMUS.
  2718 | D:3      | 2718 ||| READING scroll labelled QEAMECVU MUUS.
  2856 | D:4      | Found a blossoming altar of Fedhas.
  3065 | D:4      | Reached skill level 9 in Ranged Weapons
  3124 | D:4      | Found a staircase to the Ecumenical Temple.
  3125 | D:4      | 3125 ||| PLANNING TEMPLE
  3125 | D:4      | 3125 ||| UPGRADING to ring of protection from cold.
  3126 | D:4      | 3126 ||| DRINKING 3 red potions.
  3126 | D:4      | Gained mutation: You sometimes lose your temper in combat.
                  | [potion of mutation]
  3126 | D:4      | Gained mutation: You are frail. (-10% HP) [potion of
                  | mutation]
  3126 | D:4      | Lost mutation: You sometimes lose your temper in combat.
                  | [potion of mutation]
  3127 | D:4      | 3127 ||| DRINKING 2 potions of mutation.
  3127 | D:4      | Lost mutation: You are frail. (-10% HP) [potion of
                  | mutation]
  3127 | D:4      | Gained mutation: You have supernaturally acute eyesight.
                  | (SInv) [potion of mutation]
  3127 | D:4      | Gained mutation: You have large cloven feet. [potion of
                  | mutation]
  3149 | Temple   | Entered the Ecumenical Temple
  3169 | Temple   | 3169 ||| PLANNING OKAWARU WORSHIP
  3329 | Temple   | Became a worshipper of Warmaster Okawaru
  3330 | Temple   | 3330 ||| PLANNING D:1-11
  3724 | D:4      | 3724 ||| READING scroll labelled SONKEZ SIFI.
  3725 | D:4      | 3725 ||| READING scroll labelled ZAKHUN WIHO.
  3727 | D:4      | 3727 ||| Stepping ~*~*~tactically~*~*~ (cloud).
  3816 | D:5      | Entered Level 5 of the Dungeon
  3816 | D:5      | Noticed an orc warrior
  3824 | D:5      | 3824 ||| STAIRDANCE
  3830 | D:4      | HP: 8/36 [orc warrior/+0 mace (5)]
  3834 | D:4      | HP: 3/36 [orc warrior/+0 mace (5)]
  3838 | D:4      | Slain by an orc warrior

Levels and vault maps discovered:
D:1:      onia_arrival_zoo_common, layout_basic
D:2:      layout_loops_corners, basic_altar, uniq_robin
D:3:      layout_loops_ring, mainiacjoe_overflow_concentric_impassable,
          uniq_grinder
D:4:      layout_cave_pods, lemuel_tele_altar, minmay_temple_entry_slanted
D:5:      layout_loops_ring
Temple:   chequers_temple_sunken

Skill      XL: |  1  2  3  4  5  6 |
---------------+-------------------+-----
Ranged Weapons | 6 7 8 9 |  9.0
Armour         | 3 |  3.2
Fighting       | 2 |  2.4
Dodging        | |  2.4
Stealth        | |  1.2

Action                     |  1- 3 |  4- 6 || total
---------------------------+-------+-------++-------
   Fire: Shortbow          |   107 |   110 ||   217
    Use: Scroll            |     1 |     8 ||     9
         Potion            |       |     2 ||     2
 Armour: Leather armour    |     1 |       ||     1
         Ring mail         |    24 |    18 ||    42
  Dodge: Dodged            |    23 |    21 ||    44
  Block: Other             |    10 |     5 ||    15
         Reflection        |     1 |       ||     1

Table legend:
 A = Non-vault XP
 B = Vault XP
 C = Vault XP percentage of total XP
 D = Non-vault monster count
 E = Vault monster count
 F = Vault count percentage of total count
                 A         B        C        D         E       F
            +---------+---------+-------+---------+---------+-------
      Total |     435 |     285 |  39.6 |      64 |      12 |  15.8
            +---------+---------+-------+---------+---------+-------
        D:1 |      30 |       0 |   0.0 |      16 |       0 |   0.0
        D:2 |      40 |      36 |  47.4 |      18 |      11 |  37.9
        D:3 |      49 |     249 |  83.6 |      13 |       1 |   7.1
        D:4 |     310 |       0 |   0.0 |      15 |       0 |   0.0
        D:5 |       6 |       0 |   0.0 |       2 |       0 |   0.0
            +---------+---------+-------+---------+---------+-------
